 Dungeon Crawl Stone Soup version 0.29.1-15-g9cfb28693d (webtiles) character file.

Game seed: 11199174243337875305

219 leafyfresh the Covert (level 5, -4/38 HPs)
             Began as an Octopode Delver on Feb 25, 2023.
             Slain by an orc
             ... wielding a +2 vampiric dagger
              (5 damage)
             ... on level 5 of the Dungeon.
             The game lasted 00:00:38 (910 turns).

leafyfresh the Covert (Octopode Delver)              Turns: 910, Time: 00:00:38

Health: -4/38      AC:  1    Str: 11    XL:     5   Next: 96%
Magic:  5/5        EV: 14    Int: 15    God:
Gold:   22         SH:  0    Dex: 13    Spells: 4/4 levels left

rFire   . . .      SeeInvis .   a - +0 short sword
rCold   . . .      Faith    .   (no shield)
rNeg    . . .      Spirit   .   (helmet restricted)
rPois   .          Reflect  .   (no amulet)
rElec   .          Harm     .   (no ring)
rCorr   .          Rampage  .   (no ring)
Will    .....                   (no ring)
Stlth   +++++.....              (no ring)
HPRegen 0.12/turn               (no ring)
MPRegen 0.09/turn               (no ring)
                                (no ring)
                                (no ring)

@: no status effects
A: almost no armour, amphibious, 8 rings, camouflage 1, gelatinous body 1,
(nimble swimmer 1), tentacles
a: no special abilities


You were on level 5 of the Dungeon.
You visited 1 branch of the dungeon, and saw 1 of its levels.

You collected 22 gold pieces.

Inventory:

Hand Weapons
 a - a +0 short sword (weapon)
Wands
 f - a wand of digging (3)
Scrolls
 b - a scroll of fog
 c - a scroll of magic mapping
 d - a scroll of fear
 g - a scroll of amnesia {unknown}
Potions
 e - a potion of haste
 h - a potion of lignification {unknown}


   Skills:
 + Level 4.3 Fighting
 - Level 2.4 Short Blades
 + Level 3.6 Dodging
 + Level 8.0 Stealth


You had 4 spell levels left.
You didn't know any spells.
Your spell library was empty.

Dungeon Overview and Level Annotations

Branches:
Dungeon (5/15)
 Temple: D:4-7

Altars:


Innate Abilities, Weirdness & Mutations

You cannot wear most types of armour.
You are amphibious.
You can wear up to eight rings at the same time.
Your skin changes colour to match your surroundings (Stealth+).
Your rubbery body absorbs attacks. (AC +1, EV +1)
((You are camouflaged when in or above water. (Stealth+)))
You have tentacles for arms and can constrict up to eight enemies at once.


Message History

The orc shouts!
You hit the orc. You squeeze the orc, but do no damage.
The orc is heavily wounded.
You constrict the orc. The orc misses you.
You hit the orc.
You kill the orc!
You barely miss the orc. You grab the orc. You constrict the orc.
The orc hits you with a +0 short sword.
You hit the orc priest. You grab the orc priest.
The orc priest is lightly wounded.
You constrict the orc priest. You constrict the orc.
The orc hits you with a +0 short sword.
The orc priest hits you with a +0 war axe.
The orc misses you.
You hit the orc priest.
The orc priest is moderately wounded.
You constrict the orc priest, but do no damage.
You constrict the orc. The orc closely misses you.
The orc priest calls upon Beogh to heal the orc.
The orc's wounds heal themselves!
The orc hits you with a +2 vampiric dagger.
You hit the orc priest. You tentacle-slap the orc priest.
You squeeze the orc priest!
You kill the orc priest!
You constrict the orc.
The orc hits you with a +2 vampiric dagger.
* * * LOW HITPOINT WARNING * * *
The orc completely misses you.
Your Stealth skill increases to level 8!
You release your grip on the orc.
The orc attacks as you move away!
The orc hits you with a +2 vampiric dagger.
* * * LOW HITPOINT WARNING * * *
The orc hits you with a +0 short sword.
* * * LOW HITPOINT WARNING * * *
Things that are here:
a +0 war axe; a +0 leather armour You barely miss the orc.
You grab the orc. You squeeze the orc.
You kill the orc!
The orc hits you with a +2 vampiric dagger.
You die...

#.##..>## #
##.#...## ##.
###.....##
+..###......##
#.....).....##
##............##
...............#
...........##..##
.[.....@...###..##
......)o..##
##..## ..........#
##..## ......#..##
##..## .....#...#
##..## ##########
##..### ##...#
#.... #....


You could see an orc.

Vanquished Creatures
  A sky beast (D:5)
  A necrophage (D:5)
  A jelly (D:5)
  An orc priest (D:5)
  7 orcs (D:5)
11 creatures vanquished.

Notes
Turn   | Place    | Note
-------+----------+-------------------------------------------
     0 | D:5      | leafyfresh the Octopode Delver began the quest for the Orb.
     0 | D:5      | Reached XP level 1. HP: 16/16 MP: 1/1
     2 | D:5      | Noticed a jelly
     8 | D:5      | Killed a jelly
     9 | D:5      | Reached XP level 2. HP: 8/21 MP: 2/2
     9 | D:5      | Reached XP level 3. HP: 10/26 MP: 3/3
   255 | D:5      | Noticed a necrophage
   267 | D:5      | Killed a necrophage
   268 | D:5      | Reached skill level 7 in Stealth
   268 | D:5      | Reached XP level 4. HP: 29/33 MP: 4/4
   528 | D:5      | Noticed a sky beast
   542 | D:5      | Killed a sky beast
   543 | D:5      | Reached XP level 5. HP: 13/37 MP: 5/5
   909 | D:5      | Reached skill level 8 in Stealth
   909 | D:5      | HP: 1/38 [orc/+0 short sword (3)]
   910 | D:5      | Slain by an orc

Illustrated notes

Levels and vault maps discovered:
D:5:      layout_cave_pods, mainiacjoe_overflow_six_doors_small,
          kennysheep_mini_moat, patterned_corridor

Skill      XL: |  1  2  3  4  5 |
---------------+----------------+-----
Dodging        | 3 |  3.6
Stealth        | 7 8 |  8.0
Fighting       | 4 |  4.3
Short Blades   | |  2.4

Action                   |  1- 3 |  4- 6 || total
-------------------------+-------+-------++-------
Melee: Short sword       |     9 |    29 ||    38
       Tentacles         |     2 |     9 ||    11
       Constrict         |     1 |     9 ||    10
       Punch             |       |     2 ||     2
 Stab: Sleeping          |       |     1 ||     1
Armor: Skin              |       |     1 ||     1
Dodge: Dodged            |     4 |    18 ||    22
